 Dungeon Crawl Stone Soup version 0.25.1-2-g60ff931df9 (webtiles) character file.

Game seed: 1227256865819794661

166 Delamore the Shield-Bearer (level 5, -3/34 HPs)
             Began as a Gargoyle Fighter on Oct 23, 2020.
             Killed by divine providence
             ... invoked by an orc priest
              (16 damage)
             ... on level 3 of the Dungeon.
             The game lasted 00:02:04 (2654 turns).

Delamore the Shield-Bearer (Gargoyle Fighter)       Turns: 2654, Time: 00:02:04

Health: -3/34      AC: 17    Str: 21    XL:     5   Next: 47%
Magic:  5/5        EV:  7    Int:  8    God:
Gold:   122        SH:  9    Dex:  9    Spells: 4/4 levels left

rFire    . . .     SeeInvis .   t - +1 mace (protect)
rCold    . . .     Gourm    .   c - +0 kite shield
rNeg     + . .     Faith    .   b - +0 scale mail
rPois    ∞         Spirit   .   (no helmet)
rElec    +         Reflect  .   (no cloak)
rCorr    .         Harm     .   (no gloves)
MR       .....                  (no boots)
Stlth    ..........             i - amulet of magic regeneration
HPRegen  0.11/turn              s - ring of attention (curse)
MPRegen  0.34/turn              (no ring)

@: protection aura
A: negative energy resistance 1, electricity resistance, unbreathing,
petrification resistance, rot immunity, AC +4
a: no special abilities


You were on level 3 of the Dungeon.
You were not hungry.

You visited 1 branch of the dungeon, and saw 4 of its levels.

You collected 122 gold pieces.

Inventory:

Hand Weapons
 a - a +0 flail
 t - a +1 mace of protection (weapon)
Missiles
 v - 7 silver javelins (quivered)
Armour
 b - a +0 scale mail (worn)
 c - a +0 kite shield (worn)
 e - a +2 tower shield
Jewellery
 i - an amulet of magic regeneration (around neck)
 p - an uncursed ring of ice
 s - a cursed ring of attention (left hand)
Scrolls
 g - a scroll of enchant armour {unknown}
 h - 3 scrolls of identify {unknown}
 k - a scroll of random uselessness {unknown}
 m - 3 scrolls of remove curse {unknown}
 n - a scroll of enchant weapon {unknown}
Potions
 d - a potion of might
 j - 2 potions of curing {unknown}
 l - a potion of lignification {unknown}
 o - a potion of magic {unknown}
 q - a potion of heal wounds {unknown}
 r - a potion of berserk rage {unknown}
Comestibles
 f - 10 rations
 u - 9 chunks of flesh


   Skills:
 + Level 4.6 Fighting
 + Level 3.5 Maces & Flails
 - Level 3.2 Armour
 + Level 4.6 Shields


You had 4 spell levels left.
You didn't know any spells.
Your spell library was empty.

Dungeon Overview and Level Annotations

Branches:
Dungeon (4/15)
 Temple: D:4-7

Altars:
Zin


Innate Abilities, Weirdness & Mutations

You are resistant to torment.
Your stone body is resilient. (AC +4)
You are immune to poison.
You resist negative energy. (rN+)
You are resistant to electric shocks. (rElec)
You can survive without breathing.
You are immune to petrification.
You are immune to rotting.


Message History

The orc hits you but does no damage. x2
You hit the orc priest.
The orc priest is almost dead.
You block the orc's attack. You block the orc priest's attack.
The orc hits you. You block the orc's attack.
You closely miss the orc.
The orc throws a stone.
The stone closely misses you.
The orc priest invokes the aid of Beogh against you.
Beogh smites you!
The orc priest hits you with a cursed +0 mace.
The orc hits you but does no damage. The orc hits you with a +0 dagger.
The orc throws a stone.
The stone hits you but does no damage. The orc hits you but does no damage.
The orc priest hits you with a cursed +0 mace.
You hit the orc.
The orc is moderately wounded.
The orc hits you but does no damage. The orc barely misses you.
The orc hits you but does no damage. x2; You block the orc's attack.
The orc priest calls down the wrath of Beogh upon you.
Beogh smites you!
You die...

#.# ##.## #.#
#.##...... #.#
###.# #.# #
#.##.##.##
###.#####...#
#...# #.##.##.#
.....÷......###
###.# #.##.##.#
#########.....#
...# ........#
##.##(####...###.
..####
#.##.((........
....
#.##..#oo.....#
..##
..#.#.#@oo..≈.#...
#..##.#oo.....#
### #.#o......#
.^#.......#
..#.≈...≈.#
#.#.......#
##.....## #$⌠.##


You could see 2 orc priests and 5 orcs.

Vanquished Creatures
  2 orc wizards (D:3)
  6 adders
  An adder skeleton (D:4)
  A worm (D:2)
  2 dart slugs
  2 leopard geckos
  7 orcs
  2 ball pythons
  2 giant cockroaches
  3 goblins
  A hobgoblin (D:1)
  6 jackals (D:2)
  2 bats
  4 frilled lizards
  3 kobolds
  6 rats
50 creatures vanquished.

Notes
Turn   | Place    | Note
-------+----------+-------------------------------------------
     0 | D:1      | Delamore the Gargoyle Fighter began the quest for the Orb.
     0 | D:1      | Reached XP level 1. HP: 14/14 MP: 1/1
   172 | D:1      | Reached XP level 2. HP: 19/19 MP: 2/2
   762 | D:2      | Found a glowing silver altar of Zin.
   811 | D:2      | Reached XP level 3. HP: 24/24 MP: 3/3
   988 | D:2      | Reached XP level 4. HP: 9/29 MP: 4/4
  2524 | D:3      | Reached XP level 5. HP: 34/34 MP: 5/5
  2654 | D:3      | Killed from afar by an orc priest

Illustrated notes

Levels and vault maps discovered:
D:1:      dpeg_arrival_stone_temple_mockup, layout_basic
D:2:      layout_basic, zin_statuary
D:3:      cheibrodos_pilgrimage, layout_loops_ring
D:4:      layout_loops_cross, kennysheep_little_box, serial_shops,
          nicolae_shop_crystal, uniq_eustachio, uniq_blork_the_orc, uniq_sigmund

Skill      XL: |  1  2  3  4 |
---------------+-------------+-----
Fighting       | 4 |  4.6
Shields        | 4 |  4.6
Maces & Flails | 3 |  3.5
Armour         | |  3.2

Action                   |  1- 3 |  4- 6 || total
-------------------------+-------+-------++-------
Melee: Flail             |    82 |   115 ||   197
       Mace              |       |    28 ||    28
  Eat: Chunk             |       |     6 ||     6
Armor: Scale mail        |    47 |    70 ||   117
Dodge: Dodged            |    16 |    35 ||    51
Block: Kite shield       |     2 |    21 ||    23
       Tower shield      |    87 |   111 ||   198
